 Dungeon Crawl Stone Soup version 0.25.0-1-g7eea58d2a3 (webtiles) character file.

Game seed: 15776994475438423926

7 DeadF the Vexing (level 1, 0/7 HPs)
             Began as a Felid Enchanter on June 14, 2020.
             Slain by a dart slug (2 damage)
             ... on level 1 of the Dungeon.
             The game lasted 00:00:37 (99 turns).

DeadF the Vexing (Felid Enchanter)                    Turns: 99, Time: 00:00:38

Health: 0/7        AC:  1    Str:  4    XL:     1   Next: 83%
Magic:  4/4        EV: 18    Int: 16    God:
Gold:   5          SH:  0    Dex: 16    Spells: 3/4 levels left
                                        Lives:  0   Deaths: 0

rFire    . . .     SeeInvis +     - Unarmed
rCold    . . .     Gourm    .   (shield unavailable)
rNeg     . . .     Faith    .   (armour unavailable)
rPois    .         Spirit   .   (helmet unavailable)
rElec    .         Reflect  .   (cloak unavailable)
rCorr    .         Harm     .   (gloves unavailable)
MR       .....                  (boots unavailable)
Stlth    +++.......             (no amulet)
HPRegen  0.02/turn              (no ring)
MPRegen  0.09/turn              (no ring)

@: quick
A: very small, no armour, no weapons or thrown items, stealth, claws 1, fangs 3,
see invisible, carnivore, speed 1, shaggy fur 1, slow metabolism 1, sharp paws
a: no special abilities


You were on level 1 of the Dungeon.
You were very full.

You visited 1 branch of the dungeon, and saw 1 of its levels.

You collected 5 gold pieces.

Inventory:

Scrolls
 a - a scroll of magic mapping {unknown}
Comestibles
 b - a ration


   Skills:
 + Level 2.7 Dodging
 + Level 4.3 Stealth
 + Level 1.0 Unarmed Combat
 + Level 2.0 Spellcasting
 + Level 4.7 Hexes


You had 3 spell levels left.
You knew the following spells:

 Your Spells              Type           Power        Failure   Level  Hunger
a - Corona                Hex            ###....      3%          1    #......

Your spell library contained the following spells:

 Spells                   Type           Power        Failure   Level  Hunger
 Confusing Touch          Hex            ###.....     9%          3    ###....
 Tukima's Dance           Hex            ###.....     9%          3    ###....
 Ensorcelled Hibernation  Hex/Ice        #.....       12%         2    ###....
 Dazzling Flash           Conj/Hex       #.....       24%         3    ###....


Dungeon Overview and Level Annotations

Branches:
Dungeon (1/15)

Altars:


Innate Abilities, Weirdness & Mutations

You cannot wear armour.
You are incapable of wielding weapons or throwing items.
Your paws allow you to move quietly. (Stealth)
You have sharp claws.
You have razor-sharp teeth.
You have supernaturally acute eyesight. (SInv)
You are carnivorous and can eat meat at any time.
You cover ground quickly.
You are covered in fur. (AC +1)
You have a slow metabolism.
Your sharp claws are effective at attacking unaware monsters.


Message History

A hobgoblin comes into view. It is wielding a +0 club.
A rat comes into view.
You miss the goblin. The goblin hits you with a +0 dagger.
You completely miss the dart slug. The goblin closely misses you.
The dart slug bites you.
* * * LOW HITPOINT WARNING * * *
You are too injured to fight recklessly!
You are too injured to fight recklessly!
Welcome back, DeadF the Felid Enchanter.
Press ? for a list of commands and other information.
Welcome back, DeadF the Felid Enchanter.
Press ? for a list of commands and other information.
The hobgoblin shouts!
The goblin completely misses you.
The dart slug bites you but does no damage.
The goblin barely misses you. The goblin barely misses you.
The dart slug misses you.
The hobgoblin hits you but does no damage.
The goblin misses you. The dart slug bites you.
You die...

.. ##.###.# #......
##.#.####..#...# #......
......$..$##.#.###.##.#.
#........#..#.#....#...
#..................#.#.
#.#.......##..........$
#...[....###..#........
#.....)..$....##......
#..rw@..###...##..##..
#..$gg..# #.....#.##.#
..........# #.........#.
............##.....).#.#
............##..##.....#
....).......##.###......
..#..##..#####.# ##.....
..##. ##.# #.###...###
#.#..).##


You could see a dart slug, a hobgoblin, a goblin and a rat.

Vanquished Creatures
  3 hobgoblins (D:1)
  3 bats (D:1)
6 creatures vanquished.

Notes
Turn   | Place    | Note
-------+----------+-------------------------------------------
     0 | D:1      | DeadF the Felid Enchanter began the quest for the Orb.
     0 | D:1      | Reached XP level 1. HP: 7/7 MP: 4/4
    99 | D:1      | Slain by a dart slug

Illustrated notes

Levels and vault maps discovered:
D:1:      lightli_arrival_maybe_door_vault, layout_rooms,
          chequers_serial_rivers_large_b, grunt_decor_one_mirror,
          hangedman_decor_growths, minmay_ruptured

Action                   || total
-------------------------++-------
Melee: Unarmed           ||    20
       Bite              ||     1
 Stab: Sleeping          ||     3
  Eat: Chunk             ||     5
Armor: Skin              ||     4
Dodge: Dodged            ||    23
